 Dungeon Crawl Stone Soup version 0.19.3-1-g3169bf9 (webtiles) character file.

79 rgaf the Cudgeler (level 4, -5/42 HPs)
             Began as a Gargoyle Berserker on Jan 23, 2017.
             Was a Follower of Trog.
             Slain by a gnoll
             ... wielding a +0 halberd
              (10 damage)
             ... on level 3 of the Dungeon.
             The game lasted 00:03:11 (1486 turns).

rgaf the Cudgeler (Gargoyle Berserker)              Turns: 1486, Time: 00:03:11

Health: -5/42      AC: 15    Str: 26    XL:     4   Next: 37%
Magic:  4/4        EV:  7    Int:  8    God:    Trog [*.....]
Gold:   115        SH:  0    Dex:  9    Spells: 0 memorised, 3 levels left

rFire  . . .     SeeInvis .     u - +0 flail
rCold  . . .     Gourm    .     i - +0 plate armour
rNeg   + . .     Faith    .     (no shield)
rPois  ∞         Spirit   .     (no helmet)
rElec  +         Reflect  .     (no cloak)
rCorr  .         Harm     .     (no gloves)
MR     .....                    (no boots)
Stlth  ..........               (no amulet)
                                (no ring)
                                (no ring)

@: berserking, very quick
A: negative energy resistance 1, electricity resistance, unbreathing,
petrification resistance, rot immunity, AC +3
a: Berserk, Burn Spellbooks, Renounce Religion


You were on level 3 of the Dungeon.
You worshipped Trog.
Trog was aware of your devotion.
You were hungry.

You visited 1 branch of the dungeon, and saw 3 of its levels.

You collected 115 gold pieces.

Inventory:

Hand Weapons
 a - a +0 mace
 u - a +0 flail (weapon)
Missiles
 l - 93 stones (quivered)
Armour
 i - a +0 plate armour (worn)
Scrolls
 d - 2 scrolls of enchant armour {unknown}
 f - a scroll of random uselessness {unknown}
 m - a scroll of blinking {unknown}
 o - a scroll of remove curse {unknown}
 p - a scroll of identify {unknown}
 s - a scroll of fog {unknown}
Potions
 e - 2 potions of brilliance {unknown}
 h - 2 potions of degeneration {unknown}
 n - 2 potions of lignification {unknown}
 r - a potion of haste {unknown}
Comestibles
 c - 2 bread rations
 g - 4 fruits
 j - a meat ration
 k - a royal jelly
 q - a beef jerky
 t - a chunk of flesh


   Skills:
 - Level 3.2 Fighting
 * Level 4.5 Maces & Flails
 + Level 3.2 Armour
 - Level 1.5 Dodging


You had 3 spell levels left.
You didn't know any spells.

Dungeon Overview and Level Annotations

Branches:
Dungeon (3/15)

Altars:
Vehumet


Innate Abilities, Weirdness & Mutations

You are resistant to torment.
Your stone body is resilient. (AC +3)
You are immune to poison.
You resist negative energy. (rN+)
You are resistant to electric shocks. (rElec)
You can survive without breathing.
You are immune to petrification.
You are immune to rotting.


Message History

The gnoll hits you but does no damage.
You barely miss the gnoll.
The gnoll is severely wounded.
The gnoll hits you but does no damage.
Your plate armour prevents you from hitting the gnoll.
The gnoll is severely wounded.
The gnoll hits you with a halberd.
You hit the gnoll but do no damage.
The gnoll is severely wounded.
The gnoll hits you with a halberd!
* * * LOW HITPOINT WARNING * * *
You are too injured to fight recklessly!
A red film seems to cover your vision as you go berserk!
You feel yourself moving faster!
You feel mighty!
You are feeling hungry.
The gnoll closely misses you.
You barely miss the gnoll.
The gnoll is severely wounded.
The gnoll hits you with a halberd!
You die...

.# .. .#
##.## ##...
.g. #g# #@#
#.#
#######.####
#..........#
#)#####.##.#
#$..(...# #
#(#######
#.# #>#


You could see 2 gnolls.

Vanquished Creatures
  Terence (D:2)
  A gnoll (D:3)
  An adder (D:2)
  A worm (D:2)
  A dart slug (D:2)
  2 leopard geckos
  3 giant cockroaches
  5 goblins
  3 hobgoblins
  4 bats
  4 frilled lizards
  6 kobolds
  A rat (D:1)
33 creatures vanquished.

Vanquished Creatures (others)
  An adder (D:2)
1 creature vanquished.

Grand Total: 34 creatures vanquished

Notes
Turn   | Place    | Note
-------+----------+-------------------------------------------
     0 | D:1      | rgaf the Gargoyle Berserker began the quest for the Orb.
     0 | D:1      | Reached XP level 1. HP: 14/14 MP: 1/1
   362 | D:1      | Reached XP level 2. HP: 19/19 MP: 2/2
   874 | D:2      | Found a radiant altar of Vehumet.
   882 | D:2      | Reached XP level 3. HP: 23/23 MP: 3/3
  1085 | D:2      | Reached skill level 4 in Maces & Flails
  1368 | D:2      | Noticed Terence
  1379 | D:2      | Killed Terence
  1379 | D:2      | Reached XP level 4. HP: 28/28 MP: 4/4
  1486 | D:3      | Slain by a gnoll

Skill      XL: |  1  2  3 |
---------------+----------+-----
Maces & Flails | 4 |  4.5
Armour         | 3 |  3.2
Fighting       | |  3.2
Dodging        | |  1.5

Action                   |  1- 3 |  4- 6 || total
-------------------------+-------+-------++-------
Melee: Mace              |   127 |       ||   127
       Flail             |       |    13 ||    13
Invok: Berserk           |     1 |     1 ||     2
  Eat: Chunk             |     3 |       ||     3
Armor: Plate armour      |    82 |    13 ||    95
       Animal skin       |     8 |       ||     8
Dodge: Dodged            |    58 |     2 ||    60
